 Seeded DCSS version 0.29.1-15-g9cfb28693d (webtiles) character file.

Game seed: 9529714651559989746 (custom seed)

270 Psyclone the Firebug (level 6, -14/32 HPs)
             Began as a Deep Elf Fire Elementalist on Sept 21, 2023.
             Killed from afar by Natasha (17 damage)
             ... with a bolt of dispelling energy
             ... on level 2 of the Dungeon.
             The game lasted 00:05:20 (2660 turns).

Psyclone the Firebug (Deep Elf Fire Elementalist)   Turns: 2660, Time: 00:05:20

Health: -14/32     AC:  2    Str:  5    XL:     6   Next: 1%
Magic:  14/17      EV: 16    Int: 22    God:
Gold:   121        SH:  0    Dex: 15    Spells: 8/17 levels left

rFire   . . .      SeeInvis .   (no weapon)
rCold   . . .      Faith    .   (no shield)
rNeg    . . .      Spirit   .   a - +0 robe
rPois   +          Reflect  .   (no helmet)
rElec   .          Harm     .   (no cloak)
rCorr   .          Rampage  .   (no gloves)
Will    .....                   (no boots)
Stlth   ++........              (no amulet)
HPRegen 0.10/turn               e - ring of poison resistance
MPRegen 0.15/turn               o - +4 ring of evasion

@: no status effects
A: no striking features
a: no special abilities


You were on level 2 of the Dungeon.
You visited 1 branch of the dungeon, and saw 2 of its levels.

You collected 121 gold pieces.

Inventory:

Armour
 a - a +0 robe (worn)
Jewellery
 e - a ring of poison resistance (left hand)
 o - a +4 ring of evasion (right hand)
Scrolls
 c - 2 scrolls of identify {unknown}
 g - 2 scrolls of poison {unknown}
 h - a scroll of noise {unknown}
 i - 4 scrolls of acquirement {unknown}
 j - a scroll of fear {unknown}
 m - a scroll of immolation {unknown}
 r - a scroll of magic mapping {unknown}
Potions
 b - a potion of magic
 d - 2 potions of degeneration {unknown}
 f - a potion of invisibility
 k - 2 potions of curing {unknown}
 l - a potion of might {unknown}
 n - a potion of attraction {unknown}
 p - a potion of flight {unknown}
 q - a potion of lignification {unknown}


   Skills:
 - Level 2.4 Dodging
 - Level 2.4 Stealth
 - Level 6.0 Spellcasting
 - Level 1.2 Conjurations
 - Level 6.0 Fire Magic
 + Level 0.0 Poison Magic


You had 8 spell levels left.
You knew the following spells:

 Your Spells              Type           Power      Damage    Failure   Level
a - Foxfire               Conj/Fire      88%        2x1d8     1%          1
b - Searing Ray           Conj           22%        2d5       9%          2
c - Conjure Flame         Conj/Fire      22%        6-21      6%          3
d - Magic Dart            Conj           44%        1d5       5%          1
v - Poisonous Vapours     Pois/Air       12%        N/A       14%         2

Your spell library contained the following spells:

 Spells                   Type           Power      Damage    Failure   Level
 Scorch                   Fire           66%        2d8       1%          2
 Shock                    Conj/Air       36%        1d5       7%          1
 Inner Flame              Hex/Fire       19%        N/A       8%          3
 Sting                    Tmut/Pois      24%        1d4       9%          1
 Flame Wave               Conj/Fire      22%        2d8       21%         4
 Swiftness                Air            6%         N/A       26%         3
 Fulminant Prism          Conj/Hex       4%         3d6       56%         4
 Airstrike                Air            3%         2d(1-17)  65%         4
 Olgreb's Toxic Radiance  Pois           6%         N/A       65%         4


Dungeon Overview and Level Annotations

Branches:
Dungeon (2/15) Zot: 9340

Altars:

Shops:
D:1 *

Annotations:
D:2 Natasha


Message History

The crimson imp completely resists.
You now have 11/17 mp.
Casting: Foxfire (safe; 1% risk of failure)
Confirm with . or Enter, or press ? or * to list all spells.
You conjure some foxfire!
The foxfire hits the crimson imp but does no damage.
The foxfire hits the crimson imp.
The crimson imp completely resists.
A magic dart appears from out of thin air!
The magic dart hits you!
You take 7 damage, and have 20/32 hp.
MASSIVE DAMAGE!!
You now have 10/17 mp.
The foxfire hits the crimson imp.
The crimson imp completely resists.
The foxfire hits the crimson imp.
The crimson imp completely resists.
The crimson imp blinks!
The crimson imp attacks as you move away!
The crimson imp misses you.
The crimson imp attacks as you move away!
The crimson imp hits you.
You take 4 damage, and have 17/32 hp.
The crimson imp attacks as you move away!
The crimson imp closely misses you.
The crimson imp blinks!
The shadow imp shouts, "Out, out, thou tender miscreant tinkerer!"
The crimson imp spits at you.
You hear a zap.
A bolt of dispelling energy appears from out of thin air!
The bolt of dispelling energy misses you.
The crimson imp blinks!
The crimson imp disappears in a puff of smoke!
The shadow imp gestures at you. Pain shoots through your body!
You take 7 damage, and have 11/32 hp.
MASSIVE DAMAGE!!
The shadow imp gestures at you. Pain shoots through your body!
* * * LOW HITPOINT WARNING * * *
You take 8 damage, and have 3/32 hp.
MASSIVE DAMAGE!!
There is a stone staircase leading up here.
Natasha appears from thin air!
Reactivating autopickup.
Natasha zaps a wand.
The bolt of dispelling energy hits you!
Ouch! That really hurt!
You die...

#...>.........{....
####.......########
####### #....#..#
#.....###....5..#####
#.....#....h.##.....###
#.......#..5...####...#
#.....##....##...####.##
#.....##....####.####...
#......@....## #.[.####.
#.....#......#####...###
#.....#..###.).........#
#.....#.## ##.....##....
#######.# #.....###...
#.# #.....# #..# #.#
#.....####.# ##.#
#..........# #..#
#.....####..


You could see Natasha, a crimson imp (summoned) and a shadow imp (summoned).

Vanquished Creatures
  Sigmund (D:2)
  Natasha (D:2)
  2 adders (D:2)
  A worm (D:2)
  2 dart slugs (D:1)
  6 bats (D:1)
  3 endoplasms
  A giant cockroach (D:1)
  2 goblins (D:1)
  5 hobgoblins (D:1)
  4 jackals (D:1)
  4 kobolds
  3 quokkas
  5 ball pythons
  2 frilled lizards
  8 rats
50 creatures vanquished.

Vanquished Creatures (others)
  231 foxfires
231 creatures vanquished.

Grand Total: 281 creatures vanquished

Notes
Turn   | Place    | Note
-------+----------+-------------------------------------------
     0 | D:1      | Psyclone the Deep Elf Fire Elementalist began the quest for
                  | the Orb.
     0 | D:1      | Reached XP level 1. HP: 10/10 MP: 6/6
   279 | D:1      | Reached XP level 2. HP: 15/15 MP: 4/8
   751 | D:1      | Found Balubi's Assorted Antiques.
   830 | D:1      | Reached XP level 3. HP: 19/19 MP: 1/9
  1227 | D:1      | Reached skill level 5 in Fire Magic
  2043 | D:2      | Found a faded altar of an unknown god.
  2056 | D:2      | Noticed Natasha
  2060 | D:2      | Killed Natasha
  2061 | D:2      | Reached XP level 4. HP: 24/24 MP: 5/10
  2238 | D:2      | Noticed Sigmund
  2321 | D:2      | Killed Sigmund
  2322 | D:2      | Reached XP level 5. HP: 15/28 MP: 5/15
  2322 | D:2      | Reached XP level 6. HP: 17/32 MP: 5/17
  2326 | D:2      | Learned a level 3 spell: Conjure Flame
  2329 | D:2      | Learned a level 2 spell: Poisonous Vapours
  2472 | D:2      | Learned a level 2 spell: Searing Ray
  2474 | D:2      | Learned a level 1 spell: Magic Dart
  2623 | D:2      | Noticed Natasha
  2660 | D:2      | Killed from afar by Natasha

Illustrated notes

Levels and vault maps discovered:
D:1:      minmay_arrival_four_circles, layout_basic, serial_shops,
          nicolae_shop_trees, nicolae_eternal_life, st_stairs_1,
          minmay_small_reverse_x
D:2:      layout_rooms, hellmonk_ecumenical_altar_zigzags, serial_corexii_hall,
          chequers_hall_statues_y, corexii_hall_statues_l, uniq_natasha,
          uniq_sigmund

Skill      XL: |  1  2  3  4 |
---------------+-------------+-----
Fire Magic     | 4 5 6 |  6.0
Spellcasting   | 6 |  6.0
Dodging        | |  2.4
Stealth        | |  2.4
Conjurations   | |  1.2

Action                   |  1- 3 |  4- 6 || total
-------------------------+-------+-------++-------
Melee: Unarmed           |     1 |       ||     1
 Cast: Foxfire           |   112 |    29 ||   141
Armor: Robe              |     1 |       ||     1
Dodge: Dodged            |     2 |     5 ||     7
